 Dungeon Crawl Stone Soup version 0.17-a0-227-gf5308cc (webtiles) character file.

9716 DEFE the Basher (level 11, -9/89 HPs)
             Began as a Hill Orc Fighter on Mar 29, 2015.
             Was a Follower of Okawaru.
             Mangled by an ice devil (13 damage)
             ... on level 1 of the Abyss.
             The game lasted 00:17:00 (9985 turns).

DEFE the Basher (Hill Orc Fighter)                  Turns: 9985, Time: 00:17:00

Health: -9/89      AC: 11    Str: 28    XL:     11   Next: 50%
Magic:  18/18      EV:  6    Int: 13    God:    Okawaru [*.....]
Gold:   677        SH: 12    Dex:  8    Spells: 0 memorised, 10 levels left

rFire  + . .     SeeInvis .     a - +7 demon whip "Susion" {freeze, rPois Str+5 Int+5}
rCold  . . .     Rnd*Rage +     U - +0 plate armour
rNeg   . . .     SustAb   .     c - +0 shield
rPois  +         Gourm    .     (no helmet)
rElec  .         Spirit   .     (no cloak)
rCorr  +         Warding  .     j - +0 pair of gloves
rMut   .         Stasis   .     x - +0 pair of boots
MR     .....                    Q - amulet of resist corrosion
Stlth  ..........               (no ring)
                                q - ring of protection from fire

@: not resistant to hostile enchantments, extremely unstealthy
A: berserk 1, clumsy 1, deformed body, deterioration 1, frail 1, low mp 1,
screaming 1, placid magic 1, MP-powered wands 1
a: Heroism, Renounce Religion


You were on level 1 of the Abyss.
You worshipped Okawaru.
Okawaru was aware of your devotion.
You were very hungry.

You visited 1 branch of the dungeon, and saw 11 of its levels.
You visited the Abyss 1 time.
You also visited: Trove.

You collected 677 gold pieces.

Inventory:

Hand weapons
 a - the +7 demon whip "Susion" (weapon) {freeze, rPois Str+5 Int+5}
   (You acquired it on level 6 of the Dungeon)

   It has been specially enchanted to freeze those struck by it, causing extra
   injury to most foes and up to half again as much damage against particularly
   susceptible opponents.
   It can also slow down cold-blooded creatures.
   It affects your strength (+5).
   It affects your intelligence (+5).
   It protects you from poison.
Armour
 c - a +0 shield (worn)
 j - a +0 pair of gloves (worn)
 w - a +0 chain mail
 x - a +0 pair of boots (worn)
 U - a +0 plate armour (worn)
Jewellery
 q - a ring of protection from fire (left hand)
 Q - an amulet of resist corrosion (around neck)
Magical devices
 o - a wand of slowing (32)
 z - a wand of lightning (2)
 C - a wand of disintegration (5)
 M - a wand of digging (17)
Scrolls
 g - a scroll of fog
 h - 2 scrolls of random uselessness
 m - 2 scrolls of recharging {unknown}
 r - a scroll of vulnerability {unknown}
 s - 3 scrolls of immolation {unknown}
 u - 4 scrolls of teleportation {unknown}
 y - 4 scrolls of enchant weapon {unknown}
 B - 6 scrolls of amnesia {unknown}
 D - a scroll of brand weapon {unknown}
 E - a scroll of blinking
 J - 4 scrolls of remove curse
 N - a scroll of enchant armour {unknown}
 P - a scroll of magic mapping {unknown}
Potions
 e - a potion of might
 f - 3 potions of heal wounds
 k - 2 potions of curing
 t - 2 potions of haste
 F - 3 potions of brilliance
 H - a potion of ambrosia
 I - a potion of agility
 O - a potion of poison
 R - a potion of degeneration {unknown}
 S - a potion of restore abilities {unknown}
 T - a potion of flight {unknown}
 V - a potion of resistance {unknown}
Books
 l - a book of Spatial Translocations

   Spells                             Type                      Level
   a - Apportation                    Translocation                1
   b - Blink                          Translocation                2
   c - Shroud of Golubria             Charms/Translocation         2
   d - Portal Projectile              Translocation                3
   e - Teleport Other                 Translocation                3
   f - Passage of Golubria            Translocation                4
 L - a book of the Warp

   Spells                             Type                      Level
   a - Recall                         Summoning/Translocation      3
   b - Control Teleport               Charms/Translocation         4
   c - Force Lance                    Conjuration/Translocation    4
   d - Phase Shift                    Translocation                5
   e - Warp Weapon                    Charms/Translocation         5
   f - Gell's Gravitas                Hexes/Translocation          5
   g - Summon Forest                  Summoning/Translocation      5
Comestibles
 d - 4 meat rations
 i - 9 bread rations
 p - 5 fruits
 v - 10 slices of pizza
 A - 2 royal jellies
 K - a beef jerky


   Skills:
 + Level 10.0 Fighting
 * Level 11.7 Maces & Flails
 + Level 9.1 Armour
 + Level 8.7 Shields
 + Level 6.7 Invocations


You had 10 spell levels left.
You didn't know any spells.

Dungeon Overview and Level Annotations

Branches:
Dungeon (11/15)            Temple (0/1) D:4            Lair (0/8) D:8
    Orc (0/4) D:10

Altars:
Dithmenos
Fedhas
Kikubaaqudgha
Nemelex Xobeh
Okawaru
Vehumet
Yredelemnul

Shops:
D:6 *

Portals:
Bazaar: D:11


Innate Abilities, Weirdness & Mutations

[You tend to lose your temper in combat.]
[You are clumsy. (Dex -2)]
[Armour fits poorly on your strangely shaped body.]
[Your body is slowly deteriorating.]
[You are frail (-10% HP).]
[Your magical capacity is low (-10% MP).]
[You occasionally shout uncontrollably at your foes.]
[Your spells are a little easier to cast, but a little less powerful.]
[You expend magic power (3 MP) to slightly strengthen your wands.]


Message History

Unknown command.
You hit the ice devil!
The ice devil is lightly wounded.
The ice devil hits you. The ice devil freezes you!!
* * * LOW HITPOINT WARNING * * *
Unknown command.
You hit the ice devil!
The ice devil is heavily wounded.
You hit the ice devil.
The ice devil is heavily wounded.
You block the ice devil's attack.
You barely miss the ice devil.
The ice devil is heavily wounded.
You block the small abomination's attack.
You hit the ice devil.
The ice devil is heavily wounded.
The ice devil hits you.
* * * LOW HITPOINT WARNING * * *
The ice devil freezes you!
You die...

. . . .. . # .##
# ###...# . #.
.. ##.......#
...#.##..#.#. .
#.....#..#. ..#
#.@..#... ..
##..
#...x3#.......#.
..
#.##.......#.#.
. ##
..............
... ..........
... ..... ..
.............
..ยง.. .
..##......#
..... ## P
#......# . ...
## .............
. .


You could see an ice devil and a small abomination.

Vanquished Creatures
  A tentacled starspawn (Abyss:1)
  The ghost of Pikaro the Imperceptible, a powerful OpAs of Dithmenos (D:9)
  A wretched star (Abyss:1)
  A golden dragon skeleton (Abyss:1)
  A sixfirhy (Abyss:1)
  A gargoyle (D:11)
  A kobold demonologist (D:11)
  A fire drake (D:8)
  2 trolls (D:11)
  A shadow (D:11)
  A neqoxec (Abyss:1)
  A human (D:9)
  A yak (D:8)
  4 hell hounds (Abyss:1)
  2 water moccasins
  3 orc warriors
  3 ogres
  A phantom (D:10)
  3 centaurs
  2 crocodiles
  2 ice beasts
  A small abomination (Abyss:1)
  4 giant frogs
  A wyvern skeleton (D:8)
  A water moccasin skeleton (D:8)
  3 scorpions
  4 wights (D:6)
  7 crimson imps
  6 hounds
  7 orc wizards
  2 centaur skeletons
  4 jellies
  5 giant frog skeletons
  3 orc priests
  4 iguanas
  Natasha (thrice) (D:6)
  7 worker ants
  Ijyb (D:6)
  Jessica (D:2)
  A hound skeleton (D:9)
  12 adders
  A shadow imp (D:4)
  A giant mite (D:3)
  3 worms
  An adder skeleton (D:6)
  6 giant geckos
  36 orcs
  4 giant cockroaches
  12 hobgoblins
  10 jackals
  4 quokkas
  8 bats
  4 giant newts
  A giant spore (D:10)
  15 goblins
  21 kobolds
  A quokka skeleton (D:5)
  14 rats
  2 ballistomycetes (D:10)
  2 starspawn tentacles (Abyss:1)
257 creatures vanquished.

Vanquished Creatures (others)
  A two-headed ogre (D:10)
  15 starspawn tentacle segments (Abyss:1)
16 creatures vanquished.

Grand Total: 273 creatures vanquished

Notes
Turn   | Place    | Note
--------------------------------------------------------------
     0 | D:1      | DEFE, the Hill Orc Fighter, began the quest for the Orb.
     0 | D:1      | Reached XP level 1. HP: 19/19 MP: 1/1
   107 | D:1      | Reached XP level 2. HP: 27/27 MP: 2/2
   885 | D:2      | Reached XP level 3. HP: 22/33 MP: 3/3
  1009 | D:2      | Noticed Jessica
  1011 | D:2      | Killed Jessica
  1011 | D:2      | Reached skill level 4 in Fighting
  1162 | D:2      | Reached XP level 4. HP: 32/40 MP: 4/4
  1280 | D:2      | Found a sparkling altar of Nemelex Xobeh.
  1729 | D:3      | Found a radiant altar of Vehumet.
  1730 | D:3      | Found an iron altar of Okawaru.
  1825 | D:3      | Became a worshipper of Warmaster Okawaru
  2053 | D:3      | Reached XP level 5. HP: 41/46 MP: 5/5
  2983 | D:4      | Reached XP level 6. HP: 47/53 MP: 6/6
  3575 | D:4      | Found a staircase to the Ecumenical Temple.
  3651 | D:4      | Reached skill level 5 in Maces & Flails
  3731 | D:4      | Noticed an ogre
  3734 | D:4      | Reached skill level 5 in Fighting
  3743 | D:4      | Killed an ogre
  3743 | D:4      | Acquired Okawaru's first power
  3743 | D:4      | Reached XP level 7. HP: 61/61 MP: 7/7
  3772 | D:4      | Reached skill level 5 in Armour
  4115 | D:5      | Entered Level 5 of the Dungeon
  4335 | D:5      | Found an ancient bone altar of Kikubaaqudgha.
  4426 | D:5      | Reached skill level 6 in Maces & Flails
  4442 | D:5      | Reached skill level 5 in Shields
  4519 | D:5      | Found a blossoming altar of Fedhas.
  4825 | D:5      | Found a basalt altar of Yredelemnul.
  5189 | D:6      | Reached XP level 8. HP: 70/70 MP: 8/8
  5265 | D:6      | Identified a scroll of acquirement
  5272 | D:6      | Got a twisted demon whip
  5273 | D:6      | Identified the +7 demon whip "Susion" {freeze, rPois Str+5 Int+5} (You acquired it on level 6 of the Dungeon)
  5464 | D:6      | Noticed Natasha
  5473 | D:6      | Killed Natasha
  5473 | D:6      | Reached skill level 7 in Maces & Flails
  5484 | D:6      | Found a radiant altar of Vehumet.
  5557 | D:6      | Noticed Natasha
  5561 | D:6      | Killed Natasha
  5618 | D:6      | Found Eavee's Eclectic Emporium.
  5678 | D:6      | Noticed Ijyb
  5690 | D:6      | Killed Ijyb
  5827 | D:6      | Noticed Natasha
  5833 | D:6      | Killed Natasha
  6968 | D:8      | Reached skill level 8 in Maces & Flails
  6968 | D:8      | Reached XP level 9. HP: 78/78 MP: 9/9
  7255 | D:8      | Found a staircase to the Lair.
  7296 | D:8      | Reached skill level 1 in Invocations
  7311 | D:8      | Noticed a fire drake
  7314 | D:8      | Killed a fire drake
  7314 | D:8      | Reached skill level 9 in Maces & Flails
  7352 | D:8      | Found a basalt altar of Yredelemnul.
  7775 | D:9      | Noticed Pikaro's ghost (powerful OpAs)
  7794 | D:9      | Killed Pikaro's ghost
  7794 | D:9      | Reached XP level 10. HP: 81/88 MP: 13/16
  8085 | D:9      | Found a shadowy altar of Dithmenos.
  8202 | D:10     | Entered Level 10 of the Dungeon
  8305 | D:10     | Found a staircase to the Orcish Mines.
  8380 | D:10     | Reached skill level 10 in Maces & Flails
  9309 | D:11     | Acquired Okawaru's second power
  9340 | D:11     | Reached skill level 5 in Invocations
  9466 | D:11     | Found a gateway to a bazaar.
  9703 | D:11     | Found a portal to a secret trove of treasure.
  9722 | Trove    | Entered a treasure trove
  9753 | Trove    | Cast into the Abyss (a distortion unwield)
  9804 | Abyss:1  | Noticed a golden dragon skeleton
  9833 | Abyss:1  | Killed a golden dragon skeleton
  9833 | Abyss:1  | Reached skill level 11 in Maces & Flails
  9833 | Abyss:1  | Reached XP level 11. HP: 54/97 MP: 20/20
  9852 | Abyss:1  | Noticed a tentacled starspawn
  9862 | Abyss:1  | Killed a tentacled starspawn
  9952 | Abyss:1  | Noticed a hell hog
  9963 | Abyss:1  | Noticed an ice devil
  9963 | Abyss:1  | Noticed a wretched star
  9980 | Abyss:1  | Killed a wretched star
  9980 | Abyss:1  | Reached skill level 10 in Fighting
  9985 | Abyss:1  | HP: 4/89 [ice devil (5)]
  9985 | Abyss:1  | Mangled by an ice devil

Action                   |  1- 3 |  4- 6 |  7- 9 | 10-12 || total
-------------------------+-------+-------+-------+-------++-------
Melee: Flail             |    73 |    37 |    79 |       ||   189
       Whip              |       |   280 |   186 |       ||   466
       Demon whip        |       |       |   215 |   255 ||   470
Invok: Heroism           |       |       |     1 |       ||     1
Evoke: Wand              |       |       |       |     1 ||     1
  Use: Potion            |       |     3 |       |     6 ||     9
       Scroll            |       |       |     9 |     6 ||    15
 Stab: Invisible         |       |       |       |     8 ||     8
  Eat: Chunk             |     1 |     7 |    15 |     6 ||    29
